 Dungeon Crawl Stone Soup version 0.27-a0-1557-g57f10a385c (webtiles) character file.

Game seed: 18113300525052173429

121 sanka the Ducker (level 5, -3/36 HPs)
             Began as an Octopode Monk on July 15, 2021.
             Slain by a scorpion (7 damage)
             ... on level 4 of the Dungeon.
             The game lasted 00:03:50 (3645 turns).

sanka the Ducker (Octopode Monk)                    Turns: 3645, Time: 00:03:51

Health: -3/36      AC:  1    Str: 11    XL:     5   Next: 5%
Magic:  5/5        EV: 15    Int: 12    God:
Gold:   100        SH:  0    Dex: 15    Spells: 4/4 levels left

rFire    . . .     SeeInvis .     - Unarmed
rCold    . . .     Faith    .   (no shield)
rNeg     . . .     Spirit   .   (helmet restricted)
rPois    .         Reflect  .   (no amulet)
rElec    .         Harm     .   (no ring)
rCorr    .         Rampage  .   (no ring)
Will     .....                  (no ring)
Stlth    +++.......             (no ring)
HPRegen  0.12/turn              (no ring)
MPRegen  0.09/turn              (no ring)
                                (no ring)
                                (no ring)

@: lethally poisoned (-3 -> -9)
A: almost no armour, amphibious, 8 rings, camouflage 1, gelatinous body 1,
(nimble swimmer 1), tentacles
a: no special abilities


You were on level 4 of the Dungeon.
You visited 1 branch of the dungeon, and saw 4 of its levels.

You collected 100 gold pieces.


Innate Abilities, Weirdness & Mutations

You cannot wear most types of armour.
You are amphibious.
You can wear up to eight rings at the same time.
Your skin changes colour to match your surroundings (Stealth+).
Your rubbery body absorbs attacks. (AC +1, EV +1)
((You are camouflaged near water. (Stealth+)))
You have tentacles for arms and can constrict up to eight enemies at once.


   Skills:
 - Level 3.0 Fighting
 + Level 5.5 Dodging
 - Level 2.6 Stealth
 - Level 3.0 Unarmed Combat


You had 4 spell levels left.
You didn't know any spells.
Your spell library was empty.

Inventory:

Magical Staves
 d - a staff of earth
Wands
 j - a wand of digging (6)
 k - a wand of flame (7)
Scrolls
 a - 2 scrolls of fear {unknown}
 b - a scroll of identify {unknown}
 c - 2 scrolls of blinking {unknown}
 e - a scroll of vulnerability {unknown}
 f - 2 scrolls of teleportation {unknown}
 l - a scroll of noise {unknown}
Potions
 g - a potion of mutation {unknown}
 h - a potion of attraction {unknown}
 i - a potion of magic {unknown}

Dungeon Overview and Level Annotations

Branches:
Dungeon (4/15)
 Temple: D:4-7

Altars:

▒..▒
▒.........▒▒
▒?.▒
▒.▒▒▒▒▒▒▒▒▒▒
▒..▒ ▒.▒ ▒
▒..▒▒▒▒▒▒.▒
▒.>........
▒..)▒▒▒▒▒.▒
▒...▒ ...
▒...▒ ▒▒▒
▒.gx▒
▒...▒s▒
▒.▒.▒.▒
▒....▒..
▒.▒▒▒▒▒▒ ▒


You could see a scorpion and a hobgoblin.


Message History

The scorpion stings you.
You tentacle-slap the scorpion but do no damage.
You grab the scorpion. The scorpion stings you!
You are poisoned.
The scorpion poisons you! The scorpion stings you!
* * * LOW HITPOINT WARNING * * *
You tentacle-slap the scorpion but do no damage.
You constrict the scorpion.
You feel very sick. The scorpion barely misses you.
Unknown command.
You tentacle-slap the scorpion but do no damage.
You squeeze the scorpion.
The scorpion is moderately wounded.
You feel sick. The scorpion stings you.
* * * LOW HITPOINT WARNING * * *
The hobgoblin closely misses you.
Unknown command.
You tentacle-slap the scorpion.
Your tentacle-slap misses the scorpion.
Your squeeze misses the scorpion.
The scorpion is moderately wounded.
You constrict the scorpion.
* * * LOW HITPOINT WARNING * * *
You feel sick. The scorpion stings you!
You die...

Action                   |  1- 3 |  4- 6 || total
-------------------------+-------+-------++-------
Melee: Unarmed           |    89 |    61 ||   150
       Constrict         |    24 |    12 ||    36
       Tentacles         |    13 |    14 ||    27
       Punch             |     1 |     2 ||     3
 Stab: Sleeping          |    14 |     7 ||    21
       Distracted        |     1 |       ||     1
Armor: Skin              |     2 |     4 ||     6
Dodge: Dodged            |    45 |    32 ||    77

Levels and vault maps discovered:
D:1:      lemuel_arrival_tunnels, layout_basic
D:2:      layout_basic, serial_aquarium, aquarium_bridge_long_separate
          [aquarium_subvault_bridge, aquarium_subvault_wall,
          aquarium_subvault_balcony, aquarium_subvault_bridge,
          aquarium_subvault_bridge, aquarium_subvault_balcony],
          aquarium_bridge_square [aquarium_subvault_bridge,
          aquarium_subvault_window, aquarium_subvault_window,
          aquarium_subvault_window], aquarium_window_fake,
          aquarium_window_corridor_1, aquarium_window_fake, aquarium_view_2b,
          aquarium_view_2d, shapermc_ecumenical_altar_ellora
D:3:      layout_basic, uniq_robin, uniq_ijyb
D:4:      layout_loops_ring, enter_ossuary_5, minmay_statues_item

Notes
Turn   | Place    | Note
-------+----------+-------------------------------------------
     0 | D:1      | sanka the Octopode Monk began the quest for the Orb.
     0 | D:1      | Reached XP level 1. HP: 16/16 MP: 1/1
   297 | D:1      | Reached XP level 2. HP: 7/21 MP: 2/2
   808 | D:1      | Reached skill level 4 in Dodging
   957 | D:1      | Reached XP level 3. HP: 24/26 MP: 3/3
  1612 | D:2      | Found a faded altar of an unknown god.
  2200 | D:3      | Reached XP level 4. HP: 23/31 MP: 4/4
  2436 | D:3      | Noticed Robin
  2621 | D:3      | Killed Robin
  2622 | D:3      | Reached skill level 5 in Dodging
  2933 | D:3      | Noticed Ijyb
  2947 | D:3      | Killed Ijyb
  3571 | D:4      | Reached XP level 5. HP: 32/36 MP: 5/5
  3645 | D:4      | Slain by a scorpion

Vanquished Creatures
  Ijyb (D:3)
  Robin (D:3)
  A dart slug (D:3)
  5 orcs
  3 ball pythons (D:1)
  6 bats
  3 endoplasms
  4 giant cockroaches
  15 goblins
  7 hobgoblins
  8 jackals
  2 quokkas
  4 frilled lizards
  4 kobolds
  4 rats
68 creatures vanquished.
